 Dungeon Crawl Stone Soup version 0.21-a0-552-g593960d (webtiles) character file.

4029 TooSweet the Covert (level 10, 0/91 HPs)
             Began as a Naga Venom Mage on Dec 17, 2017.
             Was a Follower of Kikubaaqudgha.
             Slain by a troll (5 damage)
             ... on level 9 of the Dungeon.
             The game lasted 00:26:13 (11007 turns).

TooSweet the Covert (Naga Venom Mage)              Turns: 11007, Time: 00:26:14

Health: 0/91       AC:  7    Str: 13    XL:     10   Next: 24%
Magic:  13/24      EV:  9    Int: 24    God:    Kikubaaqudgha [*.....]
Gold:   472        SH:  0    Dex: 11    Spells: 2/16 levels left

rFire    . . .     SeeInvis +   y - +3 dagger (venom)
rCold    . . .     Gourm    .   (no shield)
rNeg     . . .     Faith    .   a - +0 robe
rPois    +         Spirit   .   (no helmet)
rElec    .         Reflect  .   A - +2 cloak
rCorr    .         Harm     .   (no gloves)
MR       +....                  (no barding)
Stlth    ++++......             (no amulet)
HPRegen  0.25/turn              l - +2 ring of strength
MPRegen  0.19/turn              t - ring of magical power

@: brilliant, very slightly contaminated, heavily drained, very slow
A: large, see invisible, deformed body, poison resistance, slowness 2, slow
metabolism 1, spit poison 1, AC +3
a: Spit Poison, Receive Corpses, Renounce Religion


You were on level 9 of the Dungeon.
You worshipped Kikubaaqudgha.
Kikubaaqudgha was aware of your devotion.
You were very hungry.

You visited 1 branch of the dungeon, and saw 9 of its levels.

You collected 472 gold pieces.

Inventory:

Hand Weapons
 g - a +0 dagger
 u - a +3 short sword
 y - a +3 dagger of venom (weapon)
 I - a +1 dagger of draining
Missiles
 d - 254 stones (quivered)
Armour
 a - a +0 robe (worn)
 e - a +1 shield of fire resistance
 A - a +2 cloak (worn)
Jewellery
 l - a +2 ring of strength (left hand)
 t - a ring of magical power (right hand)
 D - an uncursed ring of see invisible
 K - a cursed ring of loudness {unknown}
Wands
 h - a wand of polymorph (9)
 s - a wand of random effects (1)
Scrolls
 k - 2 scrolls of remove curse
 m - 4 scrolls of identify
 n - a scroll of enchant armour
 p - 2 scrolls of magic mapping
 q - a scroll of immolation
 r - 3 scrolls of enchant weapon
 v - a scroll of amnesia
 z - 3 scrolls of teleportation
 H - a scroll of brand weapon {unknown}
Potions
 f - 2 potions of curing
 j - 2 potions of lignification
 w - 2 potions of flight
 E - a potion of mutation
Books
 b - a Young Poisoner's Handbook

   Spells                             Type                      Level
   a - Sting                          Conjuration/Poison           1
   b - Poisonous Vapours              Poison/Air                   2
   c - Mephitic Cloud                 Conjuration/Poison/Air       3
   d - Olgreb's Toxic Radiance        Poison                       4
   e - Venom Bolt                     Conjuration/Poison           5
 C - Kikubaaqudgha's Reference Book on Dark Arts
   (Kikubaaqudgha gifted it to you on level 7 of the Dungeon)

   Spells                             Type                      Level
   a - Animate Skeleton               Necromancy                   1
   b - Corpse Rot                     Necromancy                   2
   c - Sublimation of Blood           Necromancy                   2
   d - Regeneration                   Charms/Necromancy            3
   e - Control Undead                 Necromancy                   4
 F - a book of Clouds

   Spells                             Type                      Level
   a - Poisonous Vapours              Poison/Air                   2
   b - Mephitic Cloud                 Conjuration/Poison/Air       3
   c - Conjure Flame                  Conjuration/Fire             3
   d - Freezing Cloud                 Conjuration/Ice/Air          6
   e - Ring of Flames                 Charms/Fire                  7
Comestibles
 c - 3 bread rations
 i - 4 meat rations
 o - 10 royal jellies
 x - 2 fruits


   Skills:
 - Level 5.7(3.7) Fighting
 - Level 5.7(3.6) Short Blades
 - Level 1.5(0.0) Dodging
 - Level 10.3(8.1) Stealth
 + Level 3.7(1.8) Spellcasting
 - Level 3.3(1.4) Conjurations
 - Level 8.0(5.8) Necromancy
 - Level 5.8(3.8) Poison Magic


You had 2 spell levels left.
You knew the following spells:

 Your Spells              Type           Power        Failure   Level  Hunger
a - Sting                 Conj/Pois      ####         1%          1    #......
b - Poisonous Vapours     Pois/Air       ####..       1%          2    ##.....
c - Mephitic Cloud        Conj/Pois/Air  ###.....     2%          3    ###....
d - Control Undead        Necr           #####.....   1%          4    #####..
e - Animate Skeleton      Necr           N/A          1%          1    #......
f - Conjure Flame         Conj/Fire      ###.....     3%          3    ###....


Dungeon Overview and Level Annotations

Branches:
Dungeon (9/15)             Temple (0/1) D:5
   Lair: D:8-11         Orc: D:9-12

Altars:
Dithmenos
Elyvilon
Hepliaklqana
Kikubaaqudgha
Makhleb
Qazlal
Ru
Trog
Uskayaw
Wu Jian
Xom
Yredelemnul
The Shining One

Annotations:
D:6 Alarkh's ghost, novice DsEE


Innate Abilities, Weirdness & Mutations

You cannot wear boots.
Your serpentine skin is tough. (AC +3)
You have supernaturally acute eyesight. (SInv)
Armour fits poorly on your strangely shaped body.
Your system is resistant to poisons. (rPois)
You cover ground very slowly.
You have a slow metabolism.
You can spit poison.


Message History

The troll bites you! The troll completely misses you. The troll claws you.
Your centaur skeleton hits the troll.
Unknown command.
The troll bites you.
* * * LOW HITPOINT WARNING * * *
The troll claws you.
* * * LOW HITPOINT WARNING * * *
The troll claws you!
* * * LOW HITPOINT WARNING * * *
Okay, then.
Unknown command.
Okay, then.
Unknown command.
You feel better.
Something closely misses the troll.
The troll bites you!
* * * LOW HITPOINT WARNING * * *
The troll claws you!
* * * LOW HITPOINT WARNING * * *
The troll claws you.
You die...
Kikubaaqudgha rasps: "You have failed me!
Welcome... death!"

#. #...# #.......###..)... #.
#...# #......>..###### #. #...#
####.........######
#.#######...###....#.......#.....
...##...........##.#.......#.....
.........)......##.#........>....
#..##......................#.....
#..######...###.#T.).......#.<...
#..# #...# #.@.###.###########
...# #...# ##### #.# .#.# #...#
#.# ...# ....# #.# .## ###..# ..
##


You could see a troll.

Vanquished Creatures
  A two-headed ogre (D:8)
  Pikel (D:7)
  The ghost of Gaball the Slinger, a novice HaHu (D:4)
  Prince Ribbit (D:7)
  2 wraiths
  2 sky beasts
  A black bear (D:5)
  An ice beast (D:8)
  3 ogres
  3 centaurs (D:7)
  A big kobold (D:7)
  2 scorpions
  4 killer bees (D:8)
  2 wights (D:9)
  5 crimson imps
  3 howler monkeys
  3 jellies
  3 hounds
  A centaur skeleton (D:8)
  2 orc priests
  A bullfrog skeleton (D:7)
  Crazy Yiuf (D:4)
  3 iguanas
  3 worker ants
  A hound skeleton (D:3)
  6 adders
  4 gnolls (D:4)
  A shadow imp (D:8)
  An ooze (D:1)
  2 adder zombies
  4 worms
  2 dart slugs (D:1)
  3 leopard geckos
  8 orcs
  A ball python (D:2)
  6 bats
  7 giant cockroaches
  11 goblins
  5 hobgoblins
  10 jackals
  2 quokkas
  3 frilled lizards
  9 kobolds
  A quokka zombie (D:8)
  8 rats
145 creatures vanquished.

Vanquished Creatures (collateral kills)
  A wight (D:9)
1 creature vanquished.

Vanquished Creatures (others)
  A slave (D:7)
  An orc priest (D:7)
  2 orcs (D:7)
4 creatures vanquished.

Grand Total: 150 creatures vanquished

Notes
Turn   | Place    | Note
-------+----------+-------------------------------------------
     0 | D:1      | TooSweet the Naga Venom Mage began the quest for the Orb.
     0 | D:1      | Reached XP level 1. HP: 15/15 MP: 3/3
   140 | D:1      | Reached XP level 2. HP: 13/22 MP: 0/5
   262 | D:1      | Learned a level 2 spell: Poisonous Vapours
   668 | D:1      | Reached XP level 3. HP: 20/28 MP: 4/6
   756 | D:1      | Learned a level 3 spell: Mephitic Cloud
  1347 | D:2      | Found a shimmering altar of Xom.
  1522 | D:2      | Found a white marble altar of Elyvilon.
  1622 | D:2      | Reached XP level 4. HP: 22/36 MP: 1/7
  1822 | D:2      | Found a glowing golden altar of the Shining One.
  2041 | D:2      | Reached skill level 4 in Stealth
  2441 | D:3      | Reached skill level 5 in Poison Magic
  2732 | D:3      | Noticed a sky beast
  2747 | D:3      | Killed a sky beast
  2747 | D:3      | Reached XP level 5. HP: 19/42 MP: 4/9
  3210 | D:3      | Found an ornate altar of the Wu Jian Council.
  3214 | D:3      | Found a hide-covered altar of Uskayaw.
  3214 | D:3      | Found a hazy altar of Hepliaklqana.
  3214 | D:3      | Found a basalt altar of Yredelemnul.
  3216 | D:3      | Found an ancient bone altar of Kikubaaqudgha.
  3232 | D:3      | Became a worshipper of Kikubaaqudgha
  3785 | D:4      | Reached XP level 6. HP: 49/49 MP: 7/10
  3833 | D:4      | Reached skill level 1 in Fighting
  3833 | D:4      | Reached skill level 1 in Short Blades
  3833 | D:4      | Reached skill level 5 in Stealth
  4028 | D:4      | Noticed Gaball's ghost (novice HaHu)
  4077 | D:4      | Killed Gaball's ghost
  4077 | D:4      | Reached skill level 6 in Stealth
  4077 | D:4      | Reached XP level 7. HP: 43/61 MP: 11/11
  4575 | D:4      | Found a shadowy altar of Dithmenos.
  4610 | D:4      | Found a runed door.
  4839 | D:4      | Noticed Crazy Yiuf
  4847 | D:4      | Killed Crazy Yiuf
  4847 | D:4      | Reached skill level 7 in Stealth
  5012 | D:5      | Entered Level 5 of the Dungeon
  5028 | D:5      | Found a staircase to the Ecumenical Temple.
  5069 | D:5      | Found a stormy altar of Qazlal.
  5357 | D:5      | Reached XP level 8. HP: 14/69 MP: 12/12
  6263 | D:6      | Noticed Alarkh's ghost (novice DsEE)
  6295 | D:5      | Reached skill level 8 in Stealth
  7683 | D:7      | Noticed Pikel
  7694 | D:7      | Killed Pikel
  7694 | D:7      | Reached skill level 5 in Fighting
  7694 | D:7      | Reached skill level 5 in Short Blades
  7694 | D:7      | Reached skill level 9 in Stealth
  7858 | D:7      | Noticed Prince Ribbit
  7878 | D:7      | Killed Prince Ribbit
  7878 | D:7      | Reached skill level 10 in Stealth
  7878 | D:7      | Reached XP level 9. HP: 66/81 MP: 13/13
  8031 | D:7      | Reached * piety under Kikubaaqudgha
  8031 | D:7      | Identified Kikubaaqudgha's Reference Book on Dark Arts (Kikubaaqudgha gifted it to you on level 7 of the Dungeon)
  8031 | D:7      | Received a gift from Kikubaaqudgha
  8192 | D:7      | Learned a level 4 spell: Control Undead
  8194 | D:7      | Learned a level 1 spell: Animate Skeleton
  8221 | D:7      | Found a burning altar of Makhleb.
  8251 | D:7      | Reached skill level 1 in Necromancy
  8920 | D:7      | Found a sacrificial altar of Ru.
  8923 | D:7      | Found a bloodstained altar of Trog.
  8964 | D:7      | Identified a scroll of acquirement
  9163 | D:8      | Reached skill level 5 in Necromancy
  9651 | D:8      | Noticed a two-headed ogre
  9659 | D:8      | Killed a two-headed ogre
  9659 | D:8      | Reached XP level 10. HP: 41/91 MP: 14/14
 10069 | D:8      | Learned a level 3 spell: Conjure Flame
 11007 | D:9      | Slain by a troll

Vault maps used:
D:1:      evilmike_arrival_run_for_it, minivault_23, minmay_misc_feat_encased
D:2:      xom_butterflies, lemuel_doored_altar, tso_metal_star,
          serial_park_tiny_pond
D:3:      minitemple, first_bread, minivault_5
D:4:      nicolae_dithmenos_through_a_glass_darkly, uniq_crazy_yiuf_cottage
D:5:      lemuel_upstairs_altar, lemuel_crystal_altar,
          minmay_temple_entry_junction, minmay_hedge_maze,
          kennysheep_generic_room_7
D:6:      hangedman_decor_points
D:7:      lemuel_crystal_altar, nicolae_overflow_hidden_temple, uniq_pikel,
          uniq_prince_ribbit1

Skill      XL: |  1  2  3  4  5  6  7  8  9 10 |
---------------+-------------------------------+-----
Conjurations   | 2 3 |  3.3
Stealth        | 4 6 7 10 | 10.3
Poison Magic   | 5 |  5.8
Fighting       | 2 3 5 |  5.7
Short Blades   | 2 3 5 |  5.7
Necromancy     | 7 8 |  8.0
Spellcasting   | 3 |  3.7
Dodging        | |  1.5

Action                   |  1- 3 |  4- 6 |  7- 9 | 10-12 || total
-------------------------+-------+-------+-------+-------++-------
Melee: Unarmed           |     1 |       |       |       ||     1
       Dagger            |    23 |    30 |   183 |    83 ||   319
       Short sword       |       |    70 |       |       ||    70
Throw: Stone             |     3 |     4 |       |       ||     7
 Cast: Sting             |    19 |     1 |     1 |       ||    21
       Poisonous Vapours |    11 |    30 |    48 |    12 ||   101
       Mephitic Cloud    |       |       |     6 |       ||     6
       Control Undead    |       |       |       |     7 ||     7
 Abil: Spit Poison       |    18 |     6 |     8 |     1 ||    33
Evoke: Wand              |       |       |    19 |     9 ||    28
  Use: Potion            |       |     3 |     4 |     5 ||    12
       Scroll            |       |       |    17 |     3 ||    20
 Stab: Sleeping          |     4 |     9 |     9 |     3 ||    25
       Confused          |       |       |     4 |       ||     4
       Distracted        |       |       |     1 |       ||     1
       Paralysed         |       |       |     2 |       ||     2
  Eat: Chunk             |     4 |     8 |     8 |     5 ||    25
       Bread ration      |       |       |     2 |       ||     2
Armor: Robe              |    14 |    14 |    70 |    16 ||   114
       Skin              |       |    29 |       |       ||    29
Dodge: Dodged            |    36 |    29 |   111 |    44 ||   220

Table legend:
 A = Spawn XP
 B = Non-spawn XP
 C = Spawn XP percentage of total XP
 D = Spawn monster count
 E = Non-spawn monster count
 F = Spawn count percentage of total count
 G = Total turns spent on level
                    A         B        C        D         E        F      G
               +---------+---------+-------+---------+---------+-------+---------
         Total |       0 |    5757 |   0.0 |       0 |     146 |   0.0 | 11007
               +---------+---------+-------+---------+---------+-------+---------
           D:1 |       0 |      44 |   0.0 |       0 |      20 |   0.0 |  1190
           D:2 |       0 |      65 |   0.0 |       0 |      20 |   0.0 |  1218
           D:3 |       0 |     209 |   0.0 |       0 |      20 |   0.0 |  1364
           D:4 |       0 |     676 |   0.0 |       0 |      14 |   0.0 |  1240
           D:5 |       0 |     386 |   0.0 |       0 |      14 |   0.0 |  2057
           D:6 |       0 |     127 |   0.0 |       0 |       5 |   0.0 |   475
           D:7 |       0 |    1881 |   0.0 |       0 |      26 |   0.0 |  1437
           D:8 |       0 |    1977 |   0.0 |       0 |      22 |   0.0 |  1822
           D:9 |       0 |     392 |   0.0 |       0 |       5 |   0.0 |   204
               +---------+---------+-------+---------+---------+-------+---------
